 Dungeon Crawl Stone Soup version 0.24-a0-586-g8e0e932a4c (webtiles) character file.

Game seed: 3882048104524964110, levelgen mode: deterministic

7 Mithandil the Conjurer (level 2, -1/16 HPs)
             Began as a Tengu Conjurer on Sept 8, 2019.
             Slain by a leopard gecko (5 damage)
             ... on level 1 of the Dungeon.
             The game lasted 00:01:38 (121 turns).

Mithandil the Conjurer (Tengu Conjurer)              Turns: 121, Time: 00:01:39

Health: -1/16      AC:  2    Str:  8    XL:     2   Next: 0%
Magic:  1/6        EV: 12    Int: 15    God:
Gold:   36         SH:  0    Dex: 14    Spells: 2/5 levels left

rFire    . . .     SeeInvis .   a - +0 dagger
rCold    . . .     Gourm    .   (no shield)
rNeg     . . .     Faith    .   e - +0 robe
rPois    .         Spirit   .   (helmet restricted)
rElec    .         Reflect  .   (no cloak)
rCorr    .         Harm     .   (no gloves)
MR       .....                  (boots unavailable)
Stlth    ++........             (no amulet)
HPRegen  0.05/turn              (no ring)
MPRegen  0.10/turn              (no ring)

@: no status effects
A: beak, talons 3
a: no special abilities


You were on level 1 of the Dungeon.
You were not hungry.

You visited 1 branch of the dungeon, and saw 1 of its levels.

You collected 36 gold pieces.

Inventory:

Hand Weapons
 a - a +0 dagger (weapon)
Missiles
 b - 35 stones (quivered)
Armour
 e - a +0 robe (worn)
Scrolls
 d - a scroll of identify {unknown}
Comestibles
 c - a ration
 f - 3 chunks of flesh


   Skills:
 + Level 0.3 Fighting
 + Level 0.1 Short Blades
 + Level 2.2 Dodging
 + Level 2.1 Stealth
 * Level 2.1 Spellcasting
 * Level 5.4 Conjurations


You had 2 spell levels left.
You knew the following spells:

 Your Spells              Type           Power        Failure   Level  Hunger
a - Magic Dart            Conj           ###.         2%          1    #......
b - Searing Ray           Conj           ###...       3%          2    ###....

Your spell library contained the following spells:

 Spells                   Type           Power        Failure   Level  Hunger
 Dazzling Spray           Conj/Hex       #.....       22%         3    ###....
 Iskenderun's Mystic Bla  Conj           ###.....     24%         4    #####..
 Force Lance              Conj/Tloc      #.......     56%         4    #####..
 Fulminant Prism          Conj/Hex       #.........   56%         4    #####..


Dungeon Overview and Level Annotations

Branches:
Dungeon (1/15)

Altars:


Innate Abilities, Weirdness & Mutations

You have a beak for a mouth.
You have claws for feet.


Message History

You claw the kobold.
You kill the kobold!
You have reached level 2!
Memorise Searing Ray, consuming 2 spell levels and leaving 2?
You start memorising the spell.
You continue memorising. x2
The leopard gecko barely misses you.
You finish memorising.
Spell assigned to 'b'.
You hit the leopard gecko.
The leopard gecko is moderately wounded.
The leopard gecko closely misses you.
You hit the leopard gecko but do no damage.
The leopard gecko bites you.
You barely miss the leopard gecko. Your peck misses the leopard gecko.
The leopard gecko bites you.
You miss the leopard gecko. The leopard gecko bites you.
You completely miss the leopard gecko. The leopard gecko bites you.
* * * LOW HITPOINT WARNING * * *
The leopard gecko closely misses you.
You closely miss the leopard gecko. The leopard gecko bites you.
You die...

#.# #..#...#.#.#.#....# #.#
##...#...........## #.#
#......#....#.....# # #.#
##.......#.......## .###.#
#..........#......#
...#.#####...............##
..........#.#.#.#.#.#.#.#)..#
#......##.###############.#.#
#..###......÷...@l...... .. #
##.# #####....#######... ...
#÷# ####..# ..## ........#
#..... #.# ##...##.# #......
.. #..... #....... #####(.
..###.## ...# ... .# ..#


You could see a leopard gecko.

Vanquished Creatures
  A hobgoblin (D:1)
  4 kobolds (D:1)
  2 rats (D:1)
7 creatures vanquished.

Notes
Turn   | Place    | Note
-------+----------+-------------------------------------------
     0 | D:1      | Mithandil the Tengu Conjurer began the quest for the Orb.
     0 | D:1      | Reached XP level 1. HP: 10/10 MP: 4/4
   112 | D:1      | Reached XP level 2. HP: 16/16 MP: 0/6
   116 | D:1      | Learned a level 2 spell: Searing Ray
   121 | D:1      | Slain by a leopard gecko

Levels and vault maps discovered:
D:1:      co_arrival_square_in_a_square_in_a_square, layout_rooms

Action                   || total
-------------------------++-------
Melee: Unarmed           ||     9
       Kick              ||     3
       Peck              ||     2
       Dagger            ||     7
 Cast: Magic Dart        ||    11
Dodge: Dodged            ||    13

Table legend:
 A = Non-vault XP
 B = Vault XP
 C = Vault XP percentage of total XP
 D = Non-vault monster count
 E = Vault monster count
 F = Vault count percentage of total count
                 A         B        C        D         E       F
            +---------+---------+-------+---------+---------+-------
      Total |      10 |       0 |   0.0 |       7 |       0 |   0.0
            +---------+---------+-------+---------+---------+-------
        D:1 |      10 |       0 |   0.0 |       7 |       0 |   0.0
            +---------+---------+-------+---------+---------+-------
